 Dungeon Crawl Stone Soup version 0.19.5 (webtiles) character file.

427 Megalobster the Conjurer (level 6, 0/32 HPs)
             Began as a Deep Elf Conjurer on Mar 31, 2017.
             Killed from afar by an orc wizard (5 damage)
             ... with a magic dart
             ... on level 4 of the Dungeon.
             The game lasted 00:17:45 (3478 turns).

Megalobster the Conjurer (Deep Elf Conjurer)        Turns: 3478, Time: 00:17:45

Health: 0/32       AC:  3    Str:  5    XL:     6   Next: 65%
Magic:  1/14       EV: 13    Int: 22    God:
Gold:   71         SH:  0    Dex: 15    Spells: 4 memorised, 1 level left

rFire  . . .     SeeInvis .     k - +0 dagger (drain)
rCold  . . .     Gourm    .     a - +0 robe
rNeg   + . .     Faith    .     (no shield)
rPois  +         Spirit   .     (no helmet)
rElec  .         Reflect  .     (no cloak)
rCorr  .         Harm     .     h - +0 pair of gloves
MR     .....                    (no boots)
Stlth  +.........               (no amulet)
                                y - ring "Tozyivaf" {rPois rN+ Stlth-}
                                n - ring of flight

@: no status effects
A: no striking features
a: Evoke Flight


You were on level 4 of the Dungeon.
You were not hungry.

You visited 1 branch of the dungeon, and saw 4 of its levels.

You collected 196 gold pieces.
You spent 125 gold pieces at shops.

Inventory:

Hand Weapons
 k - a +0 dagger of draining (weapon)
Missiles
 r - 5 exploding tomahawks (quivered)
Armour
 a - a +0 robe (worn)
 h - a +0 pair of gloves (worn)
Jewellery
 n - a ring of flight (left hand)
 y - the ring "Tozyivaf" (right hand) {rPois rN+ Stlth-}
   (You bought it in a shop on level 4 of the Dungeon)

   [ring of loudness]

   It protects you from poison.
   It protects you from negative energy.
   It makes you less stealthy.
Scrolls
 d - a scroll of amnesia {unknown}
 f - 5 scrolls of remove curse {unknown}
 j - 7 scrolls of identify {unknown}
 l - a scroll of recharging {unknown}
 o - 2 scrolls of blinking {unknown}
 p - a scroll of noise {unknown}
 w - a scroll of fear {unknown}
Potions
 e - a potion of agility {unknown}
 g - 5 potions of curing {unknown}
 i - a potion of haste {unknown}
 m - a potion of cure mutation {unknown}
 q - 2 potions of flight {unknown}
 s - a potion of magic {unknown}
 t - a potion of heal wounds {unknown}
 u - a potion of degeneration {unknown}
 x - a potion of berserk rage {unknown}
Books
 b - a book of Conjurations

   Spells                             Type                      Level
   a - Magic Dart                     Conjuration                  1
   b - Searing Ray                    Conjuration                  2
   c - Dazzling Spray                 Conjuration/Hexes            3
   d - Fulminant Prism                Conjuration/Hexes            4
   e - Iskenderun's Mystic Blast      Conjuration                  4
   f - Iskenderun's Battlesphere      Conjuration/Charms           5
Comestibles
 c - 4 bread rations
 v - a slice of pizza
 z - 3 fruits


   Skills:
 - Level 2.4 Dodging
 - Level 2.4 Stealth
 - Level 4.0 Spellcasting
 + Level 7.5 Conjurations
 * Level 4.8 Charms


You had one spell level left.
You knew the following spells:

 Your Spells              Type           Power        Failure   Level  Hunger
a - Magic Dart            Conj           ####         1%          1    None
b - Searing Ray           Conj           #####.       1%          2    #......
c - Iskenderun's Mystic   Conj           #####...     6%          4    ####...
d - Iskenderun's Battles  Conj/Chrm      ####....     28%         5    ######.


Dungeon Overview and Level Annotations

Branches:
Dungeon (4/15)
 Temple: D:4-7

Altars:

Shops:
D:4 *


Message History

You feel less confused. Something hits you but does no damage.
Casting: Magic Dart
Confirm with . or Enter, or press ? or * to list all spells.
Aiming: Searing Ray
Press: ? - help, Shift-Dir - straight line The searing ray hits something. (Press . to maintain the ray.)
Something hits you but does no damage. Something hits you. Something hits you.
You miss something. Something hits you.
* * * LOW HITPOINT WARNING * * *
You closely miss something. Something hits you.
* * * LOW HITPOINT WARNING * * *
You barely miss something.
You hear some strange, mumbled words.
A magic dart appears from out of thin air!
The magic dart hits you!
You die...

#.#
#.#
#.#
#.#
#####
#.#
......
#.#
######
#.# #
#{# #
#@# #
###(#
#
#...#
#
#.###
# #.#
# #.#
# #.#
# #.#
# #.#
#


There were no monsters in sight!

Vanquished Creatures
  A black bear (D:3)
  An ogre (D:4)
  A hound (D:4)
  An orc priest (D:4)
  Jessica (D:2)
  Natasha (thrice) (D:2)
  3 adders
  An ooze (D:1)
  2 dart slugs (D:1)
  6 orcs
  3 ball pythons
  7 bats
  3 giant cockroaches
  7 goblins
  8 hobgoblins
  4 quokkas
  8 frilled lizards
  2 kobolds
  8 rats
70 creatures vanquished.

Notes
Turn   | Place    | Note
-------+----------+-------------------------------------------
     0 | D:1      | Megalobster the Deep Elf Conjurer began the quest for the Orb.
     0 | D:1      | Reached XP level 1. HP: 10/10 MP: 6/6
   221 | D:1      | Reached XP level 2. HP: 15/15 MP: 2/8
   293 | D:1      | Learned a level 2 spell: Searing Ray
   390 | D:1      | Reached skill level 5 in Conjurations
   761 | D:1      | Reached XP level 3. HP: 19/19 MP: 1/9
  1185 | D:2      | Noticed Natasha
  1190 | D:2      | Killed Natasha
  1263 | D:2      | Reached XP level 4. HP: 24/24 MP: 7/11
  1269 | D:2      | Learned a level 4 spell: Iskenderun's Mystic Blast
  1310 | D:2      | Noticed Natasha
  1317 | D:2      | Killed Natasha
  1317 | D:2      | Reached skill level 6 in Conjurations
  1511 | D:2      | Noticed Jessica
  1514 | D:2      | Killed Jessica
  1608 | D:2      | Reached XP level 5. HP: 25/28 MP: 0/12
  1730 | D:2      | Noticed Natasha
  1731 | D:2      | Killed Natasha
  2320 | D:3      | Learned a level 5 spell: Iskenderun's Battlesphere
  2551 | D:3      | Noticed a black bear
  2557 | D:3      | Killed a black bear
  2557 | D:3      | Reached skill level 7 in Conjurations
  2641 | D:3      | Reached XP level 6. HP: 32/32 MP: 11/14
  3229 | D:4      | Found Misk's Assorted Antiques.
  3239 | D:4      | Bought a clouded ivory ring for 125 gold pieces
  3239 | D:4      | Identified the ring "Tozyivaf" {rPois rN+ Stlth-} (You bought it in a shop on level 4 of the Dungeon)
  3478 | D:4      | Killed from afar by an orc wizard

Skill      XL: |  1  2  3  4  5  6 |
---------------+-------------------+-----
Conjurations   | 5 6 7 |  7.5
Spellcasting   | 4 |  4.0
Charms         | 3 4 |  4.8
Dodging        | |  2.4
Stealth        | |  2.4

Action                   |  1- 3 |  4- 6 || total
-------------------------+-------+-------++-------
Melee: Dagger            |       |     7 ||     7
 Cast: Magic Dart        |    41 |    67 ||   108
       Searing Ray       |     4 |    16 ||    20
       Iskenderun's Myst |       |     4 ||     4
  Eat: Chunk             |     1 |     8 ||     9
Armor: Robe              |     2 |     2 ||     4
Dodge: Dodged            |       |     6 ||     6
